Capitals vs Maple Leafs (R1)

Created - February 11, 2021 at 19:07

Goals
1 2 3 T
Capitals 2 0 3 5
Maple Leafs 0 0 2 2
Shots
1 2 3 T
Capitals 14 4 12 30
Maple Leafs 7 12 18 37

1st period

1. Capitals , Ryan Getzlaf 14 (Jamie Benn 13, Trevor Daley 8) at 14:23
2. Capitals , Jason Pominville 18 (Ryan Getzlaf 18, Trevor Daley 9) at 17:29

Penalties :
Marc-Édouard Vlasic (Was) for Holding (Minor) at 18:37

2nd period

No Goal

Penalties :
Joe Pavelski (Was) for Holding Stick (Minor) at 1:25, Kyle Clifford (Tor) for Tripping (Minor) at 5:56, Ryan Getzlaf (Was) for Tripping (Minor) at 9:49, Ryan Suter (Was) for Hooking (Minor) at 13:30

3rd period

3. Maple Leafs , Mika Zibanejad 8 (Hampus Lindholm 16) at 3:47 (PP)
4. Maple Leafs , Beau Bennett 6 (Kevin Shattenkirk 48, Mika Zibanejad 13) at 7:13
5. Capitals , Derek Roy 21 (Joe Pavelski 27, Marc-Édouard Vlasic 13) at 14:08 (PP)
6. Capitals , Derek Roy 22 (Patrick Sharp 20, Joe Pavelski 28) at 14:57
7. Capitals , T.J. Oshie 1 (Mikko Koivu 8, Alexander Steen 11) at 19:07

Penalties :
Patrick Sharp (Was) for Tripping (Minor) at 2:36, Kyle Clifford (Tor) for Hooking (Minor) at 10:02, Braydon Coburn (Tor) for Roughing (Minor) at 12:43, Beau Bennett (Tor) for High sticking (Minor) at 16:54

Goalie Stats

Marc-André Fleury (Was), 35 saves from 37 shots - (0.946), W, 16-12-7, 60:00 minutes
Brian Elliott (Tor), 25 saves from 30 shots - (0.833), L, 13-7-2, 60:00 minutes

Players Stats for Capitals

Player Name              G  A  P  +/- PIM S  H  SB GA TA FO     MP     PP MP  PK MP  
------------------------------------------------------------------------------------
Alexander Steen          0  1  1   1  0   0  0  1  0  0  0/0    10:47   0:00   2:02 
Brent Burns              0  0  0   0  0   2  0  2  1  0  0/0    28:14   4:20   4:36 
Derek Roy                2  0  2   0  0   6  1  1  1  1  11/28  24:07   4:08   4:26 
Duncan Keith             0  0  0   1  0   2  1  2  0  0  0/0    10:15   0:00   0:15 
Dustin Brown             0  0  0   0  0   0  1  0  0  0  0/0     9:04   0:26   2:10 
Jamie Benn               0  1  1   2  0   2  2  1  1  0  0/0    15:17   2:45   0:00 
Jason Pominville         1  0  1   2  0   4  1  0  0  0  4/6    18:39   2:45   3:14 
Joe Pavelski             0  2  2   0  2   2  3  1  1  0  1/1    22:51   3:57   3:19 
Marc-Édouard Vlasic      0  1  1   2  2   1  2  4  1  0  0/0    21:02   3:02   3:40 
Mike Green               0  0  0   0  0   1  1  2  0  0  0/0    28:14   4:20   4:36 
Mikko Koivu              0  1  1   1  0   1  1  0  0  0  3/5     9:30   0:43   0:00 
Ondrej Palat             0  0  0   0  0   2  0  1  1  0  0/0     6:35   0:00   0:02 
Patrick Sharp            0  1  1   0  2   1  2  0  1  2  0/1    21:52   3:57   2:20 
Ryan Getzlaf             1  1  2   2  2   2  0  0  0  0  7/14   15:17   2:45   0:00 
Ryan Nugent-Hopkins      0  0  0   0  0   2  1  0  0  0  1/3     7:14   0:00   0:41 
Ryan Suter               0  0  0   1  2   0  0  0  0  0  0/0    10:52   0:00   0:51 
T.J. Oshie               1  0  1   1  0   1  0  0  0  0  0/0     9:27   0:40   0:00 
Trevor Daley             0  2  2   2  0   1  1  1  0  0  0/0    21:31   3:02   4:16 

Players Stats for Maple Leafs

Player Name              G  A  P  +/- PIM S  H  SB GA TA FO     MP     PP MP  PK MP  
------------------------------------------------------------------------------------
Andre Burakovsky         0  0  0  -1  0   3  0  0  0  0  0/0    15:41   4:37   0:02 
Beau Bennett             1  0  1   0  2   3  0  1  0  0  0/0     9:34   0:00   0:00 
Ben Smith                0  0  0  -1  0   3  4  0  0  0  0/0    19:28   4:37   3:48 
Blake Comeau             0  0  0  -1  0   0  0  1  0  0  0/0     6:57   0:16   0:00 
Brayden Schenn           0  0  0  -1  0   5  3  0  0  3  15/28  22:43   4:11   2:33 
Braydon Coburn           0  0  0  -1  2   1  2  1  0  0  0/0    21:31   4:17   3:24 
Calvin de Haan           0  0  0  -2  0   0  2  0  0  2  0/0    13:47   0:00   3:15 
Chris Kelly              0  0  0  -1  0   0  1  1  0  0  2/4     8:28   0:00   1:47 
Dany Heatley             0  0  0  -1  0   0  0  0  0  0  0/0     8:50   0:19   1:43 
Hampus Lindholm          0  1  1   0  0   1  2  1  0  0  0/0    18:37   4:17   0:43 
John Klingberg           0  0  0   0  0   1  1  1  1  1  0/0    23:58   4:50   0:00 
Jordan Staal             0  0  0  -1  0   2  2  0  0  0  11/17  19:37   4:37   3:57 
Kevin Shattenkirk        0  1  1  -1  0   4  4  2  1  1  0/0    28:49   4:50   4:37 
Kyle Clifford            0  0  0  -1  4   3  1  0  0  0  1/2    21:17   4:11   0:54 
Max Domi                 0  0  0   0  0   2  0  0  0  0  0/0     9:33   0:00   0:00 
Mika Zibanejad           1  1  2   0  0   2  3  1  0  0  2/6    10:17   0:25   0:00 
Patrick Kane             0  0  0  -1  0   7  2  0  1  0  0/1    20:10   4:08   0:00 
Ryan Parent              0  0  0  -2  0   0  0  0  0  0  0/0    13:17   0:00   2:45 

3 Stars

1 - Derek Roy (Was)
2 - Marc-André Fleury (Was)
3 - Trevor Daley (Was)

Power Play

Capitals - 1 on 4 Attempt(s) - 25.00%
Maple Leafs - 1 on 5 Attempt(s) - 20.00%

Penalty Kill

Capitals - 4 on 5 Attempt(s) - 80.00% - Score 0 goal in Penalty Kill
Maple Leafs - 3 on 4 Attempt(s) - 75.00% - Score 0 goal in Penalty Kill

Team Stat

Capitals - Hits : 17 - Faceoff Wins : 27 - Blocked Shots : 16 - Penalty Minutes : 10
Maple Leafs - Hits : 27 - Faceoff Wins : 31 - Blocked Shots : 9 - Penalty Minutes : 8

Official

Referees : Unknown
Linesman : Unknown

Game Notes

No Game Note

Finance

Level 1 -- Attendance: 4523 (75.38%) -- Ticket Income $497,530
Level 2 -- Attendance: 3738 (74.76%) -- Ticket Income $261,660
Level 3 -- Attendance: 1453 (72.65%) -- Ticket Income $66,838
Level 4 -- Attendance: 3174 (79.35%) -- Ticket Income $95,220
Luxury Box -- Attendance: 1000 (100.00%) -- Ticket Income $180,000
Game was played at the Maple Leafs Garden.
Total Attendance: 13888 (77.16%)
Total Ticket Income: $1,101,248
Other Income: $165,187
Total Income: $1,266,435

Capitals

5 vs 5 Forward 
   Center                   Left Wing                Right Wing               Time % Phy DF OF 
 1 Derek Roy                Patrick Sharp            Joe Pavelski             40     1   2  2  
 2 Ryan Getzlaf             Jamie Benn               Jason Pominville         30     1   2  2  
 3 Mikko Koivu              Alexander Steen          T.J. Oshie               20     1   2  2  
 4 Ryan Nugent-Hopkins      Ondrej Palat             Dustin Brown             10     1   2  2  

5 vs 5 Defense 
   Defense                  Defense                                           Time % Phy DF OF 
 1 Mike Green               Brent Burns                                       40     1   2  2  
 2 Trevor Daley             Marc-Édouard Vlasic                               30     1   2  2  
 3 Duncan Keith             Ryan Suter                                        20     1   2  2  
 4 Mike Green               Brent Burns                                       10     1   2  2  

PowerPlay Forward 
   Center                   Left Wing                Right Wing               Time % Phy DF OF 
 1 Derek Roy                Patrick Sharp            Joe Pavelski             60     1   2  2  
 2 Ryan Getzlaf             Jamie Benn               Jason Pominville         40     1   2  2  

PowerPlay Defense
   Defense                  Defense                                           Time % Phy DF OF 
 1 Mike Green               Brent Burns                                       60     1   2  2  
 2 Trevor Daley             Marc-Édouard Vlasic                               40     1   2  2  

Penalty Kill 4 Players Forward 
   Center                   Wing                     Time % Phy DF OF 
 1 Derek Roy                Joe Pavelski             60     1   2  2  
 2 Jason Pominville         Patrick Sharp            40     1   2  2  

Penalty Kill 4 Players Defense
   Defense                  Defense                  Time % Phy DF OF 
 1 Mike Green               Brent Burns              60     1   2  2  
 2 Trevor Daley             Marc-Édouard Vlasic      40     1   2  2  

Penalty Kill - 3 Players Forward 
   Forward                                           Time % Phy DF OF 
 1 Derek Roy                                         60     1   2  2  
 2 Joe Pavelski                                      40     1   2  2  

Penalty Kill - 3 Players Defense
   Defense                  Defense                  Time % Phy DF OF 
 1 Mike Green               Brent Burns              60     1   2  2  
 2 Trevor Daley             Marc-Édouard Vlasic      40     1   2  2  

4 vs 4 Forward 
   Center                   Wing                     Time % Phy DF OF 
 1 Derek Roy                Joe Pavelski             60     1   2  2  
 2 Jason Pominville         Patrick Sharp            40     1   2  2  

4 vs 4 Defense
   Defense                  Defense                  Time % Phy DF OF 
 1 Mike Green               Brent Burns              60     1   2  2  
 2 Trevor Daley             Marc-Édouard Vlasic      40     1   2  2  

Last Minutes Offensive
   Center                   Left Wing                Right Wing               Defense                  Defense                  
   Derek Roy                Patrick Sharp            Joe Pavelski             Mike Green               Brent Burns              

Last Minutes Defensive
   Center                   Left Wing                Right Wing               Defense                  Defense                  
   Derek Roy                Patrick Sharp            Joe Pavelski             Mike Green               Brent Burns              

Goaltenders
Starting : Marc-André Fleury        
Backup : Keith Kinkaid            

Extra Forwards
Normal : Mikko Koivu, T.J. Oshie, Dustin Brown - PP : Mikko Koivu, T.J. Oshie - PK : Dustin Brown
Extra Defensemen
Normal : Duncan Keith, Ryan Suter, Trevor Daley - PP : Duncan Keith - PK : Ryan Suter, Trevor Daley
Penalty Shots
Derek Roy, Joe Pavelski, Jason Pominville, Patrick Sharp, Ryan Getzlaf

Scratches
Mike Hoffman (Healthy), Jared Spurgeon (Healthy)

Maple Leafs

5 vs 5 Forward 
   Center                   Left Wing                Right Wing               Time % Phy DF OF 
 1 Brayden Schenn           Kyle Clifford            Patrick Kane             40     1   2  2  
 2 Jordan Staal             Andre Burakovsky         Ben Smith                30     1   2  2  
 3 Mika Zibanejad           Max Domi                 Beau Bennett             20     1   2  2  
 4 Chris Kelly              Dany Heatley             Blake Comeau             10     1   2  2  

5 vs 5 Defense 
   Defense                  Defense                                           Time % Phy DF OF 
 1 Kevin Shattenkirk        John Klingberg                                    40     1   2  2  
 2 Braydon Coburn           Hampus Lindholm                                   30     1   2  2  
 3 Ryan Parent              Calvin de Haan                                    20     1   2  2  
 4 Kevin Shattenkirk        John Klingberg                                    10     1   2  2  

PowerPlay Forward 
   Center                   Left Wing                Right Wing               Time % Phy DF OF 
 1 Brayden Schenn           Kyle Clifford            Patrick Kane             60     1   2  2  
 2 Jordan Staal             Andre Burakovsky         Ben Smith                40     1   2  2  

PowerPlay Defense
   Defense                  Defense                                           Time % Phy DF OF 
 1 Kevin Shattenkirk        John Klingberg                                    60     1   2  2  
 2 Braydon Coburn           Hampus Lindholm                                   40     1   2  2  

Penalty Kill 4 Players Forward 
   Center                   Wing                     Time % Phy DF OF 
 1 Jordan Staal             Ben Smith                60     1   2  2  
 2 Brayden Schenn           Kyle Clifford            40     1   2  2  

Penalty Kill 4 Players Defense
   Defense                  Defense                  Time % Phy DF OF 
 1 Kevin Shattenkirk        Braydon Coburn           60     1   2  2  
 2 Ryan Parent              Calvin de Haan           40     1   2  2  

Penalty Kill - 3 Players Forward 
   Forward                                           Time % Phy DF OF 
 1 Brayden Schenn                                    60     1   2  2  
 2 Jordan Staal                                      40     1   2  2  

Penalty Kill - 3 Players Defense
   Defense                  Defense                  Time % Phy DF OF 
 1 Kevin Shattenkirk        Braydon Coburn           60     1   2  2  
 2 Ryan Parent              Calvin de Haan           40     1   2  2  

4 vs 4 Forward 
   Center                   Wing                     Time % Phy DF OF 
 1 Jordan Staal             Patrick Kane             60     1   2  2  
 2 Brayden Schenn           Kyle Clifford            40     1   2  2  

4 vs 4 Defense
   Defense                  Defense                  Time % Phy DF OF 
 1 Kevin Shattenkirk        Braydon Coburn           60     1   2  2  
 2 Hampus Lindholm          John Klingberg           40     1   2  2  

Last Minutes Offensive
   Center                   Left Wing                Right Wing               Defense                  Defense                  
   Jordan Staal             Kyle Clifford            Patrick Kane             Kevin Shattenkirk        John Klingberg           

Last Minutes Defensive
   Center                   Left Wing                Right Wing               Defense                  Defense                  
   Jordan Staal             Kyle Clifford            Patrick Kane             Kevin Shattenkirk        Braydon Coburn           

Goaltenders
Starting : Brian Elliott            
Backup : John Gibson              

Extra Forwards
Normal : Mika Zibanejad, Dany Heatley, Chris Kelly - PP : Mika Zibanejad, Dany Heatley - PK : Chris Kelly
Extra Defensemen
Normal : Ryan Parent, Calvin de Haan, Braydon Coburn - PP : Ryan Parent - PK : Calvin de Haan, Braydon Coburn
Penalty Shots
Patrick Kane, Jordan Staal, Brayden Schenn, Kyle Clifford, Ben Smith

Scratches
Jake Guentzel (Healthy)

% Time on Ice - Capitals

Lines # - Real PCT - Wanted PCT - Time Play
Normal Forward
1 - 36% - 40% - 15:42
2 - 29% - 30% - 12:40
3 - 20% - 20% - 8:43
4 - 15% - 10% - 6:26
Normal Defense
1 - 42% - 40% - 18:14
2 - 33% - 30% - 14:13
3 - 23% - 20% - 10:00
4 - 2% - 10% - 1:04
PP Forward
1 - 63% - 60% - 4:37
2 - 37% - 40% - 2:45
PP Defense
1 - 59% - 60% - 4:20
2 - 41% - 40% - 3:02
PK Forward
1 - 62% - 60% - 5:39
2 - 38% - 40% - 3:28
PK Defense
1 - 50% - 60% - 4:36
2 - 50% - 40% - 4:31
PK3 Forward
1 - 0% - 60%
2 - 0% - 40%
PK3 Defense
1 - 0% - 60%
2 - 0% - 40%
44 Forward
1 - 0% - 60%
2 - 0% - 40%
44 Defense
1 - 0% - 60%
2 - 0% - 40%
Last Minute Offensive  - 0:00
Last Minute Defensive  - 0:00
Total
Forward - 60:00
Defense - 60:00

% Time on Ice - Maple Leafs

Lines # - Real PCT - Wanted PCT - Time Play
Normal Forward
1 - 37% - 40% - 16:16
2 - 25% - 30% - 11:01
3 - 22% - 20% - 9:33
4 - 15% - 10% - 6:41
Normal Defense
1 - 42% - 40% - 18:06
2 - 32% - 30% - 14:04
3 - 23% - 20% - 10:05
4 - 3% - 10% - 1:16
PP Forward
1 - 46% - 60% - 4:14
2 - 54% - 40% - 4:53
PP Defense
1 - 53% - 60% - 4:50
2 - 47% - 40% - 4:17
PK Forward
1 - 78% - 60% - 5:43
2 - 22% - 40% - 1:39
PK Defense
1 - 63% - 60% - 4:37
2 - 37% - 40% - 2:45
PK3 Forward
1 - 0% - 60%
2 - 0% - 40%
PK3 Defense
1 - 0% - 60%
2 - 0% - 40%
44 Forward
1 - 0% - 60%
2 - 0% - 40%
44 Defense
1 - 0% - 60%
2 - 0% - 40%
Last Minute Offensive  - 0:00
Last Minute Defensive  - 0:00
Total
Forward - 60:00
Defense - 60:00

Play-by-Play

1st period


0:01 of 1st period - Derek Roy wins face-off versus Kyle Clifford in neutral zone.
0:04 of 1st period - Slapshot by Mike Green.
0:04 of 1st period - Shot Blocked by John Klingberg.
0:26 of 1st period - Mike Green is hit by Ben Smith and loses puck.
1:10 of 1st period - Wrist shot by Ryan Nugent-Hopkins.
1:10 of 1st period - Deflect By Braydon Coburn.
1:10 of 1st period - Shot Misses the Net.
1:10 of 1st period - Puck is out of play.
1:11 of 1st period - Derek Roy wins face-off versus Brayden Schenn in Maple Leafs zone.
1:26 of 1st period - Snap shot by Brayden Schenn.
1:26 of 1st period - Stopped by Marc-André Fleury without a rebound.
1:27 of 1st period - Jordan Staal wins face-off versus Ryan Getzlaf in Capitals zone.
1:32 of 1st period - Wrist shot by Kevin Shattenkirk.
1:32 of 1st period - Stopped by Marc-André Fleury with a rebound.
2:16 of 1st period - Ryan Getzlaf is hit by Mika Zibanejad and loses puck.
2:37 of 1st period - Wrist shot by Jason Pominville.
2:37 of 1st period - Stopped by Brian Elliott without a rebound.
2:38 of 1st period - Derek Roy wins face-off versus Brayden Schenn in Maple Leafs zone.
3:05 of 1st period - Mike Green is hit by Kevin Shattenkirk and loses puck.
3:52 of 1st period - Icing by Duncan Keith.
3:53 of 1st period - Derek Roy wins face-off versus Chris Kelly in Capitals zone.
3:53 of 1st period - Derek Roy is hit by Kevin Shattenkirk.
5:08 of 1st period - Snap shot by Joe Pavelski.
5:08 of 1st period - Shot Misses the Net.
5:10 of 1st period - Slapshot by Duncan Keith.
5:10 of 1st period - Shot Misses the Net.
5:12 of 1st period - Backhand shot by Duncan Keith.
5:12 of 1st period - Stopped by Brian Elliott with a rebound.
5:14 of 1st period - Wrist shot by Joe Pavelski.
5:14 of 1st period - Shot Blocked by Kevin Shattenkirk.
5:16 of 1st period - Wrist shot by Duncan Keith.
5:16 of 1st period - Shot Misses the Net.
5:22 of 1st period - Wrist shot by Derek Roy.
5:22 of 1st period - Stopped by Brian Elliott with a rebound.
5:24 of 1st period - Slapshot by Ryan Suter.
5:24 of 1st period - Deflect By Derek Roy.
5:24 of 1st period - Stopped by Brian Elliott with a rebound.
5:26 of 1st period - Snap shot by Joe Pavelski.
5:26 of 1st period - Stopped by Brian Elliott with a rebound.
5:28 of 1st period - Backhand shot by Derek Roy.
5:28 of 1st period - Stopped by Brian Elliott with a rebound.
5:30 of 1st period - Snap shot by Duncan Keith.
5:30 of 1st period - Shot Misses the Net.
5:32 of 1st period - Snap shot by Joe Pavelski.
5:32 of 1st period - Shot Blocked by Blake Comeau.
5:36 of 1st period - Wrist shot by Patrick Sharp.
5:36 of 1st period - Stopped by Brian Elliott with a rebound.
5:42 of 1st period - Slapshot by Derek Roy.
5:42 of 1st period - Shot Misses the Net.
5:44 of 1st period - Snap shot by Duncan Keith.
5:44 of 1st period - Deflect By Joe Pavelski.
5:44 of 1st period - Shot Misses the Net.
5:44 of 1st period - Puck is out of play.
5:45 of 1st period - Brayden Schenn wins face-off versus Mikko Koivu in Maple Leafs zone.
6:12 of 1st period - Jordan Staal is hit by Jamie Benn and loses puck.
6:19 of 1st period - Wrist shot by Jamie Benn.
6:19 of 1st period - Shot Blocked by Hampus Lindholm.
6:21 of 1st period - Slapshot by Trevor Daley.
6:21 of 1st period - Shot Misses the Net.
7:01 of 1st period - Marc-Édouard Vlasic is hit by Brayden Schenn and loses puck.
7:34 of 1st period - Ryan Nugent-Hopkins is hit by Braydon Coburn and loses puck.
8:26 of 1st period - Ryan Getzlaf is hit by John Klingberg and loses puck.
8:39 of 1st period - Snap shot by Mika Zibanejad.
8:39 of 1st period - Shot Misses the Net.
8:49 of 1st period - Ben Smith is hit by Mikko Koivu and loses puck.
10:01 of 1st period - Jamie Benn is hit by Chris Kelly and loses puck.
11:30 of 1st period - Ryan Getzlaf is hit by Hampus Lindholm and loses puck.
12:08 of 1st period - Wrist shot by Jason Pominville.
12:08 of 1st period - Stopped by Brian Elliott without a rebound.
12:09 of 1st period - Brayden Schenn wins face-off versus Derek Roy in Maple Leafs zone.
12:09 of 1st period - Brayden Schenn is hit by Patrick Sharp.
12:14 of 1st period - Off-side.
12:15 of 1st period - Derek Roy wins face-off versus Brayden Schenn in neutral zone.
13:08 of 1st period - Backhand shot by Ondrej Palat.
13:08 of 1st period - Stopped by Brian Elliott without a rebound.
13:09 of 1st period - Ryan Nugent-Hopkins wins face-off versus Brayden Schenn in Maple Leafs zone.
13:36 of 1st period - John Klingberg is hit by Marc-Édouard Vlasic.
14:19 of 1st period - Snap shot by Ryan Getzlaf.
14:19 of 1st period - Shot Misses the Net.
14:23 of 1st period - Wrist shot by Ryan Getzlaf.
14:23 of 1st period - Goal by Ryan Getzlaf - Capitals : 1 - Maple Leafs : 0.
14:24 of 1st period - Brayden Schenn wins face-off versus Derek Roy in neutral zone.
14:50 of 1st period - Brent Burns is hit by Ben Smith and loses puck.
15:17 of 1st period - Snap shot by T.J. Oshie.
15:17 of 1st period - Shot Misses the Net.
15:23 of 1st period - Wrist shot by Mika Zibanejad.
15:23 of 1st period - Stopped by Marc-André Fleury without a rebound.
15:24 of 1st period - Brayden Schenn wins face-off versus Derek Roy in Capitals zone.
15:38 of 1st period - Trevor Daley is hit by Patrick Kane and loses puck.
15:51 of 1st period - Braydon Coburn is hit by Jamie Benn and loses puck.
16:00 of 1st period - Backhand shot by Jamie Benn.
16:00 of 1st period - Stopped by Brian Elliott with a rebound.
16:37 of 1st period - Wrist shot by Brayden Schenn.
16:37 of 1st period - Stopped by Marc-André Fleury with a rebound.
16:57 of 1st period - Jordan Staal is hit by Joe Pavelski.
17:13 of 1st period - Snap shot by Jason Pominville.
17:13 of 1st period - Stopped by Brian Elliott without a rebound.
17:14 of 1st period - Ryan Getzlaf wins face-off versus Chris Kelly in Maple Leafs zone.
17:19 of 1st period - Snap shot by Jason Pominville.
17:19 of 1st period - Shot Blocked by Chris Kelly.
17:21 of 1st period - Slapshot by Trevor Daley.
17:21 of 1st period - Stopped by Brian Elliott with a rebound.
17:29 of 1st period - Snap shot by Jason Pominville.
17:29 of 1st period - Goal by Jason Pominville - Capitals : 2 - Maple Leafs : 0.
17:30 of 1st period - Brayden Schenn wins face-off versus Derek Roy in neutral zone.
17:41 of 1st period - Brayden Schenn is hit by Joe Pavelski and loses puck.
18:00 of 1st period - Slapshot by Kevin Shattenkirk.
18:00 of 1st period - Shot Blocked by Jamie Benn.
18:02 of 1st period - Wrist shot by Jordan Staal.
18:02 of 1st period - Stopped by Marc-André Fleury without a rebound.
18:03 of 1st period - Mikko Koivu wins face-off versus Jordan Staal in Capitals zone.
18:10 of 1st period - Slapshot by Marc-Édouard Vlasic.
18:10 of 1st period - Shot Misses the Net.
18:24 of 1st period - Snap shot by Ben Smith.
18:24 of 1st period - Stopped by Marc-André Fleury with a rebound.
18:28 of 1st period - Snap shot by Jordan Staal.
18:28 of 1st period - Shot Blocked by Alexander Steen.
18:30 of 1st period - Snap shot by Ben Smith.
18:30 of 1st period - Shot Blocked by Trevor Daley.
18:32 of 1st period - Wrist shot by Jordan Staal.
18:32 of 1st period - Stopped by Marc-André Fleury with a rebound.
18:37 of 1st period - Minor Penalty to Marc-Édouard Vlasic for Holding.
18:38 of 1st period - Brayden Schenn wins face-off versus Derek Roy in Capitals zone.
Goals for this period are 2 for Capitals vs 0 for Maple Leafs.
Shots for this period are 14 for Capitals vs 7 for Maple Leafs.

2nd period


0:01 of 2nd period - Kyle Clifford wins face-off versus Derek Roy in neutral zone.
0:37 of 2nd period - Penalty to Marc-Édouard Vlasic is over, Marc-Édouard Vlasic is back on ice.
0:37 of 2nd period - Brent Burns is hit by Jordan Staal and loses puck.
0:50 of 2nd period - Slapshot by Brent Burns.
0:50 of 2nd period - Deflect By T.J. Oshie.
0:50 of 2nd period - Shot Misses the Net.
0:50 of 2nd period - Puck is out of play.
0:51 of 2nd period - Mikko Koivu wins face-off versus Mika Zibanejad in Maple Leafs zone.
1:06 of 2nd period - Snap shot by Alexander Steen.
1:06 of 2nd period - Shot Misses the Net.
1:25 of 2nd period - Minor Penalty to Joe Pavelski for Holding Stick.
1:26 of 2nd period - Derek Roy wins face-off versus Brayden Schenn in Capitals zone.
3:25 of 2nd period - Penalty to Joe Pavelski is over, Joe Pavelski is back on ice.
3:36 of 2nd period - Icing by Joe Pavelski.
3:37 of 2nd period - Chris Kelly wins face-off versus Ryan Getzlaf in Capitals zone.
4:04 of 2nd period - Snap shot by Dustin Brown.
4:04 of 2nd period - Shot Misses the Net.
4:06 of 2nd period - Slapshot by Duncan Keith.
4:06 of 2nd period - Stopped by Brian Elliott without a rebound.
4:07 of 2nd period - Derek Roy wins face-off versus Mika Zibanejad in Maple Leafs zone.
4:24 of 2nd period - Slapshot by Kevin Shattenkirk.
4:24 of 2nd period - Shot Misses the Net.
4:48 of 2nd period - Wrist shot by Patrick Kane.
4:48 of 2nd period - Stopped by Marc-André Fleury without a rebound.
4:49 of 2nd period - Brayden Schenn wins face-off versus Mikko Koivu in Capitals zone.
5:21 of 2nd period - Jordan Staal is hit by Trevor Daley and loses puck.
5:42 of 2nd period - Wrist shot by Beau Bennett.
5:42 of 2nd period - Stopped by Marc-André Fleury without a rebound.
5:43 of 2nd period - Derek Roy wins face-off versus Brayden Schenn in Capitals zone.
5:55 of 2nd period - Snap shot by Kyle Clifford.
5:55 of 2nd period - Stopped by Marc-André Fleury without a rebound.
5:56 of 2nd period - Brayden Schenn wins face-off versus Derek Roy in Capitals zone.
5:56 of 2nd period - Minor Penalty to Kyle Clifford for Tripping.
5:57 of 2nd period - Jordan Staal wins face-off versus Derek Roy in Maple Leafs zone.
6:33 of 2nd period - Snap shot by Jason Pominville.
6:33 of 2nd period - Shot Misses the Net.
7:05 of 2nd period - Ryan Getzlaf is hit by Calvin de Haan and loses puck.
7:56 of 2nd period - Penalty to Kyle Clifford is over, Kyle Clifford is back on ice.
8:47 of 2nd period - Dany Heatley is hit by Duncan Keith and loses puck.
9:02 of 2nd period - Duncan Keith is hit by Braydon Coburn and loses puck.
9:17 of 2nd period - Snap shot by Hampus Lindholm.
9:17 of 2nd period - Stopped by Marc-André Fleury without a rebound.
9:18 of 2nd period - Jordan Staal wins face-off versus Ryan Nugent-Hopkins in Capitals zone.
9:49 of 2nd period - Minor Penalty to Ryan Getzlaf for Tripping.
9:50 of 2nd period - Brayden Schenn wins face-off versus Derek Roy in Capitals zone.
9:54 of 2nd period - Snap shot by Patrick Kane.
9:54 of 2nd period - Shot Misses the Net.
9:56 of 2nd period - Slapshot by Patrick Kane.
9:56 of 2nd period - Deflect By Brent Burns.
9:56 of 2nd period - Stopped by Marc-André Fleury with a rebound.
9:58 of 2nd period - Wrist shot by John Klingberg.
9:58 of 2nd period - Shot Misses the Net.
10:00 of 2nd period - Slapshot by John Klingberg.
10:00 of 2nd period - Stopped by Marc-André Fleury with a rebound.
10:02 of 2nd period - Slapshot by Patrick Kane.
10:02 of 2nd period - Stopped by Marc-André Fleury with a rebound.
10:04 of 2nd period - Wrist shot by Patrick Kane.
10:04 of 2nd period - Shot Misses the Net.
11:41 of 2nd period - Jason Pominville is hit by Ben Smith and loses puck.
11:49 of 2nd period - Penalty to Ryan Getzlaf is over, Ryan Getzlaf is back on ice.
12:19 of 2nd period - Slapshot by Ryan Parent.
12:19 of 2nd period - Shot Blocked by Duncan Keith.
12:21 of 2nd period - Slapshot by Max Domi.
12:21 of 2nd period - Stopped by Marc-André Fleury with a rebound.
12:23 of 2nd period - Slapshot by Ryan Parent.
12:23 of 2nd period - Shot Blocked by Ondrej Palat.
12:25 of 2nd period - Snap shot by Beau Bennett.
12:25 of 2nd period - Stopped by Marc-André Fleury without a rebound.
12:26 of 2nd period - Chris Kelly wins face-off versus Ryan Getzlaf in Capitals zone.
12:56 of 2nd period - Slapshot by Derek Roy.
12:56 of 2nd period - Shot Misses the Net.
13:15 of 2nd period - T.J. Oshie is hit by Jordan Staal and loses puck.
13:20 of 2nd period - Wrist shot by Andre Burakovsky.
13:20 of 2nd period - Stopped by Marc-André Fleury with a rebound.
13:22 of 2nd period - Wrist shot by Jordan Staal.
13:22 of 2nd period - Shot Blocked by Duncan Keith.
13:30 of 2nd period - Minor Penalty to Ryan Suter for Hooking.
13:31 of 2nd period - Derek Roy wins face-off versus Brayden Schenn in Capitals zone.
13:44 of 2nd period - Slapshot by Kevin Shattenkirk.
13:44 of 2nd period - Shot Blocked by Mike Green.
13:46 of 2nd period - Wrist shot by John Klingberg.
13:46 of 2nd period - Shot Misses the Net.
13:48 of 2nd period - Slapshot by Kevin Shattenkirk.
13:48 of 2nd period - Stopped by Marc-André Fleury with a rebound.
13:58 of 2nd period - Kevin Shattenkirk is hit by Mike Green and loses puck.
15:30 of 2nd period - Penalty to Ryan Suter is over, Ryan Suter is back on ice.
15:47 of 2nd period - Mikko Koivu is hit by Mika Zibanejad and loses puck.
16:06 of 2nd period - Off-side.
16:07 of 2nd period - Ryan Getzlaf wins face-off versus Mika Zibanejad in neutral zone.
16:22 of 2nd period - Snap shot by Ryan Getzlaf.
16:22 of 2nd period - Shot Blocked by Mika Zibanejad.
16:42 of 2nd period - Slapshot by Patrick Kane.
16:42 of 2nd period - Shot Misses the Net.
16:44 of 2nd period - Snap shot by Patrick Kane.
16:44 of 2nd period - Shot Misses the Net.
16:46 of 2nd period - Snap shot by Kyle Clifford.
16:46 of 2nd period - Stopped by Marc-André Fleury with a rebound.
17:04 of 2nd period - Slapshot by Joe Pavelski.
17:04 of 2nd period - Shot Blocked by Braydon Coburn.
17:10 of 2nd period - Snap shot by Joe Pavelski.
17:10 of 2nd period - Stopped by Brian Elliott with a rebound.
18:10 of 2nd period - Slapshot by Trevor Daley.
18:10 of 2nd period - Shot Blocked by Beau Bennett.
18:16 of 2nd period - Marc-Édouard Vlasic is hit by Mika Zibanejad and loses puck.
18:35 of 2nd period - Slapshot by Ryan Nugent-Hopkins.
18:35 of 2nd period - Shot Misses the Net.
18:37 of 2nd period - Slapshot by Trevor Daley.
18:37 of 2nd period - Shot Hit the Post.
18:39 of 2nd period - Snap shot by Ondrej Palat.
18:39 of 2nd period - Stopped by Brian Elliott without a rebound.
18:40 of 2nd period - Ryan Getzlaf wins face-off versus Brayden Schenn in Maple Leafs zone.
18:41 of 2nd period - Snap shot by Jamie Benn.
18:41 of 2nd period - Shot Misses the Net.
18:55 of 2nd period - Mike Green is hit by Calvin de Haan and loses puck.
19:23 of 2nd period - Snap shot by Ryan Getzlaf.
19:23 of 2nd period - Stopped by Brian Elliott without a rebound.
19:24 of 2nd period - Joe Pavelski wins face-off versus Patrick Kane in Maple Leafs zone.
19:25 of 2nd period - Slapshot by Patrick Sharp.
19:25 of 2nd period - Shot Misses the Net.
19:31 of 2nd period - Kyle Clifford is hit by Derek Roy and loses puck.
19:38 of 2nd period - Joe Pavelski is hit by Brayden Schenn and loses puck.
Goals for this period are 0 for Capitals vs 0 for Maple Leafs.
Shots for this period are 4 for Capitals vs 12 for Maple Leafs.

3rd period


0:01 of 3rd period - Brayden Schenn wins face-off versus Derek Roy in neutral zone.
0:04 of 3rd period - Wrist shot by Patrick Kane.
0:04 of 3rd period - Stopped by Marc-André Fleury without a rebound.
0:05 of 3rd period - Brayden Schenn wins face-off versus Patrick Sharp in Capitals zone.
1:34 of 3rd period - Wrist shot by Derek Roy.
1:34 of 3rd period - Shot Misses the Net.
2:36 of 3rd period - Minor Penalty to Patrick Sharp for Tripping.
2:37 of 3rd period - Jordan Staal wins face-off versus Jason Pominville in Capitals zone.
2:41 of 3rd period - Backhand shot by Ben Smith.
2:41 of 3rd period - Stopped by Marc-André Fleury without a rebound.
2:42 of 3rd period - Jason Pominville wins face-off versus Jordan Staal in Capitals zone.
3:39 of 3rd period - Icing by Mika Zibanejad.
3:40 of 3rd period - Mika Zibanejad wins face-off versus Jason Pominville in Maple Leafs zone.
3:47 of 3rd period - Wrist shot by Mika Zibanejad.
3:47 of 3rd period - Goal by Mika Zibanejad - Capitals : 2 - Maple Leafs : 1.
3:48 of 3rd period - Jordan Staal wins face-off versus Ryan Getzlaf in neutral zone.
4:22 of 3rd period - Snap shot by Hampus Lindholm.
4:22 of 3rd period - Shot Blocked by Marc-Édouard Vlasic.
4:46 of 3rd period - Wrist shot by Dustin Brown.
4:46 of 3rd period - Shot Misses the Net.
5:03 of 3rd period - Off-side.
5:04 of 3rd period - Brayden Schenn wins face-off versus Derek Roy in neutral zone.
5:09 of 3rd period - Snap shot by Kevin Shattenkirk.
5:09 of 3rd period - Stopped by Marc-André Fleury without a rebound.
5:10 of 3rd period - Derek Roy wins face-off versus Brayden Schenn in Capitals zone.
5:10 of 3rd period - Derek Roy is hit by Brayden Schenn.
5:37 of 3rd period - Andre Burakovsky is hit by Jason Pominville and loses puck.
6:04 of 3rd period - Wrist shot by Mikko Koivu.
6:04 of 3rd period - Stopped by Brian Elliott with a rebound.
6:18 of 3rd period - Calvin de Haan is hit by Dustin Brown and loses puck.
6:23 of 3rd period - Snap shot by Ryan Nugent-Hopkins.
6:23 of 3rd period - Stopped by Brian Elliott with a rebound.
6:41 of 3rd period - Slapshot by Blake Comeau.
6:41 of 3rd period - Shot Misses the Net.
6:43 of 3rd period - Snap shot by Brayden Schenn.
6:43 of 3rd period - Deflect By Joe Pavelski.
6:43 of 3rd period - Stopped by Marc-André Fleury with a rebound.
6:45 of 3rd period - Slapshot by Ryan Parent.
6:45 of 3rd period - Deflect By Patrick Kane.
6:45 of 3rd period - Stopped by Marc-André Fleury with a rebound.
6:47 of 3rd period - Slapshot by Calvin de Haan.
6:47 of 3rd period - Shot Blocked by Marc-Édouard Vlasic.
6:55 of 3rd period - Snap shot by Patrick Kane.
6:55 of 3rd period - Stopped by Marc-André Fleury with a rebound.
7:08 of 3rd period - Icing by Derek Roy.
7:09 of 3rd period - Mika Zibanejad wins face-off versus Derek Roy in Capitals zone.
7:09 of 3rd period - Mika Zibanejad is hit by Marc-Édouard Vlasic.
7:13 of 3rd period - Wrist shot by Beau Bennett.
7:13 of 3rd period - Goal by Beau Bennett - Capitals : 2 - Maple Leafs : 2.
7:14 of 3rd period - Derek Roy wins face-off versus Brayden Schenn in neutral zone.
7:19 of 3rd period - Slapshot by Marc-Édouard Vlasic.
7:19 of 3rd period - Deflect By Derek Roy.
7:19 of 3rd period - Shot Blocked by Kevin Shattenkirk.
7:19 of 3rd period - Puck is out of play.
7:20 of 3rd period - Brayden Schenn wins face-off versus Derek Roy in Maple Leafs zone.
7:43 of 3rd period - Slapshot by Derek Roy.
7:43 of 3rd period - Stopped by Brian Elliott with a rebound.
7:49 of 3rd period - Slapshot by Kevin Shattenkirk.
7:49 of 3rd period - Shot Blocked by Marc-Édouard Vlasic.
8:06 of 3rd period - Snap shot by Brayden Schenn.
8:06 of 3rd period - Stopped by Marc-André Fleury with a rebound.
8:08 of 3rd period - Snap shot by Patrick Kane.
8:08 of 3rd period - Stopped by Marc-André Fleury with a rebound.
8:10 of 3rd period - Slapshot by Kyle Clifford.
8:10 of 3rd period - Stopped by Marc-André Fleury with a rebound.
8:12 of 3rd period - Slapshot by Kevin Shattenkirk.
8:12 of 3rd period - Deflect By Marc-Édouard Vlasic.
8:12 of 3rd period - Stopped by Marc-André Fleury with a rebound.
8:14 of 3rd period - Snap shot by Kevin Shattenkirk.
8:14 of 3rd period - Shot Blocked by Marc-Édouard Vlasic.
8:16 of 3rd period - Wrist shot by Brayden Schenn.
8:16 of 3rd period - Stopped by Marc-André Fleury without a rebound.
8:17 of 3rd period - Ryan Getzlaf wins face-off versus Jordan Staal in Capitals zone.
8:25 of 3rd period - Off-side.
8:26 of 3rd period - Jordan Staal wins face-off versus Ryan Getzlaf in neutral zone.
8:28 of 3rd period - Off-side.
8:29 of 3rd period - Jason Pominville wins face-off versus Jordan Staal in neutral zone.
8:32 of 3rd period - Slapshot by Brent Burns.
8:32 of 3rd period - Shot Misses the Net.
8:38 of 3rd period - Snap shot by Ben Smith.
8:38 of 3rd period - Deflect By Andre Burakovsky.
8:38 of 3rd period - Stopped by Marc-André Fleury without a rebound.
8:39 of 3rd period - Ryan Getzlaf wins face-off versus Jordan Staal in Capitals zone.
9:06 of 3rd period - Mike Green is hit by Ben Smith and loses puck.
9:27 of 3rd period - Jason Pominville is hit by Kevin Shattenkirk and loses puck.
9:42 of 3rd period - Snap shot by Jason Pominville.
9:42 of 3rd period - Shot Misses the Net.
9:51 of 3rd period - Icing by Ryan Getzlaf.
9:52 of 3rd period - Brayden Schenn wins face-off versus Ryan Getzlaf in Capitals zone.
10:02 of 3rd period - Minor Penalty to Kyle Clifford for Hooking.
10:03 of 3rd period - Jordan Staal wins face-off versus Derek Roy in Maple Leafs zone.
12:02 of 3rd period - Penalty to Kyle Clifford is over, Kyle Clifford is back on ice.
12:14 of 3rd period - Slapshot by Max Domi.
12:14 of 3rd period - Stopped by Marc-André Fleury with a rebound.
12:30 of 3rd period - Trevor Daley is hit by Hampus Lindholm and loses puck.
12:43 of 3rd period - Minor Penalty to Braydon Coburn for Roughing.
12:44 of 3rd period - Jordan Staal wins face-off versus Ryan Getzlaf in Maple Leafs zone.
12:55 of 3rd period - Slapshot by Brent Burns.
12:55 of 3rd period - Deflect By Ben Smith.
12:55 of 3rd period - Stopped by Brian Elliott without a rebound.
12:56 of 3rd period - Jason Pominville wins face-off versus Jordan Staal in Maple Leafs zone.
13:35 of 3rd period - Slapshot by Mike Green.
13:35 of 3rd period - Stopped by Brian Elliott with a rebound.
14:01 of 3rd period - Kevin Shattenkirk is hit by Joe Pavelski and loses puck.
14:08 of 3rd period - Snap shot by Derek Roy.
14:08 of 3rd period - Goal by Derek Roy - Capitals : 3 - Maple Leafs : 2.
14:09 of 3rd period - Ryan Getzlaf wins face-off versus Brayden Schenn in neutral zone.
14:12 of 3rd period - Slapshot by Brent Burns.
14:12 of 3rd period - Stopped by Brian Elliott with a rebound.
14:34 of 3rd period - Calvin de Haan is hit by Ryan Nugent-Hopkins.
14:42 of 3rd period - Slapshot by Marc-Édouard Vlasic.
14:42 of 3rd period - Stopped by Brian Elliott without a rebound.
14:43 of 3rd period - Jordan Staal wins face-off versus Derek Roy in Maple Leafs zone.
14:43 of 3rd period - Jordan Staal is hit by Patrick Sharp.
14:57 of 3rd period - Snap shot by Derek Roy.
14:57 of 3rd period - Goal by Derek Roy - Capitals : 4 - Maple Leafs : 2.
14:58 of 3rd period - Brayden Schenn wins face-off versus Derek Roy in neutral zone.
15:27 of 3rd period - Slapshot by Andre Burakovsky.
15:27 of 3rd period - Shot Blocked by Derek Roy.
15:29 of 3rd period - Slapshot by Hampus Lindholm.
15:29 of 3rd period - Shot Blocked by Brent Burns.
15:31 of 3rd period - Slapshot by Jordan Staal.
15:31 of 3rd period - Shot Blocked by Brent Burns.
15:33 of 3rd period - Backhand shot by Hampus Lindholm.
15:33 of 3rd period - Shot Blocked by Joe Pavelski.
15:35 of 3rd period - Wrist shot by Andre Burakovsky.
15:35 of 3rd period - Shot Blocked by Mike Green.
15:37 of 3rd period - Slapshot by Braydon Coburn.
15:37 of 3rd period - Stopped by Marc-André Fleury with a rebound.
15:39 of 3rd period - Snap shot by Andre Burakovsky.
15:39 of 3rd period - Stopped by Marc-André Fleury without a rebound.
15:40 of 3rd period - Mikko Koivu wins face-off versus Mika Zibanejad in Capitals zone.
16:06 of 3rd period - Marc-Édouard Vlasic is hit by Patrick Kane and loses puck.
16:27 of 3rd period - Snap shot by Ryan Nugent-Hopkins.
16:27 of 3rd period - Stopped by Brian Elliott without a rebound.
16:28 of 3rd period - Jordan Staal wins face-off versus Ryan Nugent-Hopkins in Maple Leafs zone.
16:45 of 3rd period - Wrist shot by Ben Smith.
16:45 of 3rd period - Stopped by Marc-André Fleury with a rebound.
16:54 of 3rd period - Minor Penalty to Beau Bennett for High sticking.
16:55 of 3rd period - Jordan Staal wins face-off versus Derek Roy in Maple Leafs zone.
17:31 of 3rd period - Wrist shot by Ryan Getzlaf.
17:31 of 3rd period - Shot Misses the Net.
18:54 of 3rd period - Penalty to Beau Bennett is over, Beau Bennett is back on ice.
19:01 of 3rd period - Mikko Koivu is hit by Kevin Shattenkirk.
19:05 of 3rd period - Wrist shot by T.J. Oshie.
19:05 of 3rd period - Shot Misses the Net.
19:07 of 3rd period - Snap shot by Mikko Koivu.
19:07 of 3rd period - Deflect By T.J. Oshie.
19:07 of 3rd period - Deflect By Braydon Coburn.
19:07 of 3rd period - Goal by T.J. Oshie - Capitals : 5 - Maple Leafs : 2.
19:08 of 3rd period - Ryan Getzlaf wins face-off versus Brayden Schenn in neutral zone.
19:15 of 3rd period - Wrist shot by Ryan Getzlaf.
19:15 of 3rd period - Deflect By Jamie Benn.
19:15 of 3rd period - Stopped by Brian Elliott without a rebound.
19:16 of 3rd period - Jason Pominville wins face-off versus Brayden Schenn in Maple Leafs zone.
19:27 of 3rd period - Jamie Benn is hit by Kyle Clifford and loses puck.
Goals for this period are 3 for Capitals vs 2 for Maple Leafs.
Shots for this period are 12 for Capitals vs 18 for Maple Leafs.